 Dungeon Crawl Stone Soup version 0.17.1-3-g152610e (webtiles) character file.

765 dearth the Sneak (level 7, -6/32 HPs)
             Began as a Spriggan Enchanter on Feb 26, 2016.
             Shot with an arrow by a centaur (11 damage)
             ... on level 6 of the Dungeon.
             The game lasted 00:25:51 (5509 turns).

dearth the Sneak (Spriggan Enchanter)               Turns: 5509, Time: 00:25:52

Health: -6/32      AC:  4    Str:  4    XL:     7   Next: 52%
Magic:  16/16      EV: 16    Int: 21    God:
Gold:   189        SH:  0    Dex: 17    Spells: 4 memorised, 7 levels left

rFire  . . .     SeeInvis +     i - +1 dagger (venom)
rCold  . . .     Clarity  .     b - +1 robe
rNeg   . . .     SustAt   .     (shield restricted)
rPois  .         Gourm    .     y - +1 hat
rElec  .         Spirit   .     (no cloak)
rCorr  .         Warding  .     (gloves unavailable)
rMut   .         Stasis   .     (boots unavailable)
MR     +....                    (no amulet)
Stlth  ++++......               (no ring)
                                o - +3 ring of intelligence

@: very quick, somewhat resistant to hostile enchantments, stealthy
A: unfitting armour, see invisible, herbivore 3, speed 3, slow metabolism 2
a: no special abilities


You were on level 6 of the Dungeon.
You were not hungry.

You visited 1 branch of the dungeon, and saw 6 of its levels.

You collected 189 gold pieces.

Inventory:

Hand Weapons
 a - a +1 dagger
 i - a +1 dagger of venom (weapon)
 r - a +2 dagger of holy wrath
Missiles
 e - 85 stones
 k - 75 sling bullets
 v - 7 tomahawks (quivered)
Armour
 b - a +1 robe (worn)
 y - a +1 hat (worn)
Jewellery
 o - a +3 ring of intelligence (left hand)
Scrolls
 g - 3 scrolls of identify
 p - a scroll of holy word {unknown}
 q - a scroll of fear
Potions
 f - 3 potions of curing {unknown}
 h - a potion of lignification {unknown}
 j - 3 potions of brilliance {unknown}
 l - a potion of poison {unknown}
 m - a potion of resistance {unknown}
 n - a potion of invisibility {unknown}
 u - 2 potions of haste
 w - 2 potions of mutation {unknown}
Books
 c - a book of Maledictions

   Spells                             Type                      Level
   a - Corona                         Hexes                        1
   b - Ensorcelled Hibernation        Hexes/Ice                    2
   c - Confuse                        Hexes                        3
   d - Tukima's Dance                 Hexes                        3
   e - Dazzling Spray                 Conjuration/Hexes            3
Comestibles
 d - 3 bread rations


   Skills:
 + Level 4.1 Short Blades
 + Level 5.9 Dodging
 + Level 7.3 Stealth
 + Level 5.4 Spellcasting
 + Level 5.6 Hexes


You had 7 spell levels left.
You knew the following spells:

 Your Spells              Type           Power        Failure   Level  Hunger
a - Corona                Hex            ####...      1%          1    None
b - Ensorcelled Hibernat  Hex/Ice        ###...       6%          2    None
c - Confuse               Hex            ####....     3%          3    ##.....
d - Tukima's Dance        Hex            ####....     3%          3    ##.....


Dungeon Overview and Level Annotations

Branches:
Dungeon (6/15)
 Temple: D:4-7

Altars:
Ashenzari
Elyvilon
Fedhas
Sif Muna
Vehumet
Yredelemnul


Innate Abilities, Weirdness & Mutations

You are tiny and cannot use many weapons and most armour.
You have supernaturally acute eyesight.
You are a herbivore.
You cover ground extremely quickly.
You need consume almost no food.


Message History

The jackal is severely wounded.
The jackal misses you. The jackal barely misses you.
The jackal closely misses you. The jackal barely misses you.
You hit the jackal.
You kill the jackal!
The centaur wields a shortbow.
The centaur shoots an arrow.
The arrow hits you! The jackal completely misses you.
The centaur shoots an arrow.
The arrow completely misses you.
An iguana comes into view.
You see here an arrow.
The centaur shoots an arrow.
The arrow barely misses you.
The centaur shoots an arrow.
The arrow hits you!
You see here an arrow.
You see here an arrow.
The centaur shoots an arrow.
The arrow hits you.
* * * LOW HITPOINT WARNING * * *
There is a stone staircase leading up, spattered with blood here.
You see here an arrow.
The centaur shoots an arrow.
The arrow hits you!
You die...

............#
#..##..###.##
##.#.......#
......P.P..#
#####.#.._...#
........P.P.>#
.............#
.#####..#.##.#
#.....@#.##.#
#.####(#.##.#
#. #(..##.#
#+#.#####..#
.#
...........#
.#
.........h(#
.$.........#
..........c#
...........#


You could see a centaur and a jackal.

Vanquished Creatures
  Purgy (D:4)
  3 ogres
  2 hounds
  Natasha (twice) (D:4)
  An iguana (D:5)
  3 orc wizards (D:4)
  A worker ant (D:4)
  A hound skeleton (D:4)
  5 adders
  A gnoll (D:1)
  A shadow imp (D:5)
  3 oozes
  An adder zombie (D:5)
  An adder skeleton (D:4)
  3 worms
  6 giant geckos
  7 orcs
  5 bats
  11 hobgoblins
  13 jackals
  5 kobolds
  3 quokkas
  4 ball pythons
  5 giant cockroaches
  3 giant newts
  10 goblins
  2 quokka skeletons (D:4)
  8 rats
  A plant (D:4)
112 creatures vanquished.

Notes
Turn   | Place    | Note
--------------------------------------------------------------
     0 | D:1      | dearth the Spriggan Enchanter began the quest for the Orb.
     0 | D:1      | Reached XP level 1. HP: 9/9 MP: 5/5
   452 | D:1      | Reached XP level 2. HP: 13/13 MP: 7/7
  1096 | D:1      | Reached XP level 3. HP: 6/16 MP: 8/8
  1724 | D:2      | Reached skill level 5 in Stealth
  1940 | D:2      | Reached XP level 4. HP: 21/21 MP: 8/10
  3205 | D:3      | Found a deep blue altar of Sif Muna.
  3205 | D:3      | Found a shattered altar of Ashenzari.
  3205 | D:3      | Found a white marble altar of Elyvilon.
  3453 | D:4      | Reached XP level 5. HP: 24/24 MP: 10/12
  3720 | D:4      | Noticed an ogre
  3729 | D:4      | Learned a level 2 spell: Ensorcelled Hibernation
  3733 | D:4      | Learned a level 3 spell: Confuse
  3737 | D:4      | Learned a level 3 spell: Tukima's Dance
  3746 | D:4      | Killed an ogre
  3746 | D:4      | Reached XP level 6. HP: 28/28 MP: 10/13
  3775 | D:4      | Noticed Purgy
  3779 | D:4      | Noticed Natasha
  3782 | D:4      | Killed Purgy
  3782 | D:4      | Reached skill level 5 in Dodging
  3782 | D:4      | Reached skill level 6 in Stealth
  3788 | D:4      | Killed Natasha
  3823 | D:4      | Reached skill level 5 in Hexes
  4654 | D:4      | Noticed Natasha
  4661 | D:4      | Killed Natasha
  4661 | D:4      | Reached XP level 7. HP: 32/32 MP: 15/15
  4727 | D:5      | Entered Level 5 of the Dungeon
  4807 | D:5      | Found a radiant altar of Vehumet.
  4819 | D:5      | Reached skill level 5 in Spellcasting
  4959 | D:5      | Found a blossoming altar of Fedhas.
  5090 | D:5      | Reached skill level 7 in Stealth
  5461 | D:6      | Found a basalt altar of Yredelemnul.
  5509 | D:6      | Shot with an arrow by a centaur

Action                   |  1- 3 |  4- 6 |  7- 9 || total
-------------------------+-------+-------+-------++-------
Melee: Dagger            |   104 |   204 |    60 ||   368
Throw: Stone             |       |    10 |       ||    10
 Cast: Corona            |     1 |       |       ||     1
       Ensorcelled Hiber |       |     2 |    15 ||    17
  Use: Scroll            |       |       |     9 ||     9
 Stab: Sleeping          |     6 |    19 |     6 ||    31
       Distracted        |     1 |       |       ||     1
  Eat: Bread ration      |       |     1 |       ||     1
